 Dungeon Crawl Stone Soup version 0.28-a0-1624-g820543e53a (webtiles) character file.

Game seed: 15315761453100162460

20 sasquatch the Chucker (level 2, -2/31 HPs)
             Began as an Ogre Hunter on Jan 24, 2022.
             Slain by a goblin (3 damage)
             ... on level 1 of the Dungeon.
             The game lasted 00:00:57 (781 turns).

sasquatch the Chucker (Ogre Hunter)                  Turns: 781, Time: 00:00:59

Health: -2/31      AC:  3    Str: 15    XL:     2   Next: 79%
Magic:  2/2        EV:  9    Int: 12    God:
Gold:   22         SH:  0    Dex:  9    Spells: 1/1 levels left

rFire   . . .      SeeInvis .   e - +0 club
rCold   . . .      Faith    .   (no shield)
rNeg    . . .      Spirit   .   b - +0 robe
rPois   .          Reflect  .   (helmet restricted)
rElec   .          Harm     .   (no cloak)
rCorr   .          Rampage  .   (gloves unavailable)
Will    .....                   (boots unavailable)
Stlth   +.........              (no amulet)
HPRegen 0.10/turn               (no ring)
MPRegen 0.08/turn               (no ring)

@: no status effects
A: large, unfitting armour, tough skin 1
a: no special abilities


You were on level 1 of the Dungeon.
You visited 1 branch of the dungeon, and saw 1 of its levels.

You collected 22 gold pieces.

Inventory:

Hand Weapons
 a - a +0 short sword
 e - a +0 club (weapon)
Missiles
 d - 2 throwing nets (quivered)
Armour
 b - a +0 robe (worn)
Potions
 f - a potion of lignification {unknown}


   Skills:
 + Level 3.2 Fighting
 * Level 1.1 Maces & Flails
 - Level 4.0 Throwing
 - Level 1.7 Dodging
 + Level 1.2 Stealth


You had one spell level left.
You didn't know any spells.
Your spell library was empty.

Dungeon Overview and Level Annotations

Branches:
Dungeon (1/15)

Altars:


Innate Abilities, Weirdness & Mutations

You are too large for most types of armour.
You have tough skin. (AC +1)


Message History

You are too injured to fight recklessly!
You are too injured to fight recklessly!
You are too injured to fight recklessly!
You are too injured to fight recklessly!
You are too injured to fight recklessly!
Throw: 5 large rocks
Press: ? - help, Q - select action, (/) - cycle Shift-Dir - straight line, f - goblin
Aim: a goblin, wielding a +4 dagger (50% to hit)
You throw a large rock. The large rock misses the kobold.
The large rock barely misses the goblin.
The kobold hits you with a +0 whip.
Throw: 4 large rocks
Press: ? - help, Q - select action, (/) - cycle Shift-Dir - straight line, f/p - goblin
Aim: a goblin, wielding a +4 dagger (50% to hit)
You throw a large rock.
The large rock completely misses the kobold.
The large rock closely misses the goblin.
The kobold closely misses you. The kobold hits you with a +0 whip.
Throw: 3 large rocks
Press: ? - help, Q - select action, (/) - cycle Shift-Dir - straight line, f/p - goblin
Aim: a goblin, wielding a +4 dagger (50% to hit)
You throw a large rock. The large rock hits the kobold!!
You kill the kobold!
The goblin hits you with a +4 dagger.
* * * LOW HITPOINT WARNING * * *
Throw: 2 large rocks
Press: ? - help, Q - select action, (/) - cycle Shift-Dir - straight line, f/p - goblin
Aim: a goblin, wielding a +4 dagger (50% to hit)
You throw a large rock.
The large rock barely misses the goblin.
The goblin hits you with a +4 dagger.
* * * LOW HITPOINT WARNING * * *
The goblin closely misses you.
Throw: large rock
Press: ? - help, Q - select action, (/) - cycle Shift-Dir - straight line, f/p - goblin
Aim: a goblin, wielding a +4 dagger (50% to hit)
You throw a large rock.
The large rock barely misses the goblin.
The goblin hits you with a +4 dagger.
You die...

## .# (#
.## ####g#
# ..#
#..@.# .
..# #.####
# #.# #.# #
#.# #.# #
#.# #.#
#######.###
#†#
).........#
#.#
#######.#.#
#.#
####.....##
#.#


You could see a goblin.

Vanquished Creatures
  A dart slug (D:1)
  2 ball pythons (D:1)
  2 endoplasms (D:1)
  A goblin (D:1)
  3 jackals (D:1)
  2 frilled lizards (D:1)
  4 kobolds (D:1)
  2 rats (D:1)
17 creatures vanquished.

Notes
Turn   | Place    | Note
-------+----------+-------------------------------------------
     0 | D:1      | sasquatch the Ogre Hunter began the quest for the Orb.
     0 | D:1      | Reached XP level 1. HP: 22/22 MP: 1/1
   366 | D:1      | Reached skill level 1 in Stealth
   366 | D:1      | Reached XP level 2. HP: 29/31 MP: 2/2
   387 | D:1      | Found a faded altar of an unknown god.
   491 | D:1      | Reached skill level 1 in Maces & Flails
   780 | D:1      | HP: 1/31 [goblin (6)]
   781 | D:1      | Slain by a goblin

Illustrated notes

Levels and vault maps discovered:
D:1:      dpeg_arrival_snail, layout_loops_ring,
          hellmonk_ecumenical_altar_heavens_door, minmay_bisected

Skill      XL: |  1  2 |
---------------+-------+-----
Fighting       | 3 |  3.2
Stealth        | 1 |  1.2
Maces & Flails | 1 |  1.1
Throwing       | |  4.0
Dodging        | |  1.7

Action                   || total
-------------------------++-------
Melee: Club              ||    58
       Short sword       ||    10
       Punch             ||     1
Throw: Large rock        ||     5
 Stab: Sleeping          ||     1
Armor: Robe              ||    15
Dodge: Dodged            ||    38

Table legend: (Time is in decaauts)
 A = Elapsed time spent in this place.
 B = Non-inter-level travel time spent in this place.
 C = Inter-level travel time spent in this place.
 D = Time resting spent in this place.
 E = Time spent auto-exploring this place.
 F = Levels seen in this place.
 G = Mean time per level.
                   A        B        C        D        E       F      G
               +--------+--------+--------+--------+--------+-----+--------+
         Total |    800 |    790 |     10 |      0 |    651 |   1 |  800.0 |
       Dungeon |    800 |    790 |     10 |      0 |    651 |   1 |  800.0 |
               +--------+--------+--------+--------+--------+-----+--------+

Top non-repeatable levels by time:
     D:1: 800 daAuts
